TOP OF THE 1ST |
Florida Gators batting - Pitching for Texas Christian Horned Frogs : LHP Carlos González
|
Pitching: LHP Carlos González
|
|
Batting: RHB Norman Hopkins
|
0-0: Ball 1-0: Foul Ball, location: 2F 1-1: Foul Ball, location: 2F 1-2: Ball 2-2: Ground out 6-3 (Groundball, 6)
|
Batting: RHB Manny Gutiérrez
|
0-0: Ball 1-0: Fly out, F9 (Flyball, 89S)
|
Batting: RHB Luis Morales
|
0-0: Ball 1-0: SINGLE (Groundball, 6MD)
|
Batting: RHB Jon Newsome
|
0-0: Foul Ball, location: 2F 0-1: Called Strike 0-2: Foul Ball, location: 2F 0-2: Strikes out swinging
|
Top of the 1st over - 0 run(s), 1 hit(s), 0 error(s), 1 left on base; Florida 0 - Texas Christian 0 |
BOTTOM OF THE 1ST |
Texas Christian Horned Frogs batting - Pitching for Florida Gators : RHP Joseph Saunders
|
Pitching: RHP Joseph Saunders
|
|
Batting: RHB Domingo Laydón
|
0-0: Swinging Strike 0-1: Ball 1-1: Foul Ball, location: 2F 1-2: Ball 2-2: Fly out, F9 (Flyball, 9D)
|
Batting: RHB Jeff Byford
|
0-0: Fly out, F7 (Line Drive, 7)
|
Batting: RHB Stan Webb
|
0-0: Fly out, F7 (Flyball, 7)
|
Bottom of the 1st over - 0 run(s), 0 hit(s), 0 error(s), 0 left on base; Florida 0 - Texas Christian 0 |
TOP OF THE 2ND |
Florida Gators batting - Pitching for Texas Christian Horned Frogs : LHP Carlos González
|
Batting: LHB Bruce Shelton
|
0-0: Ball 1-0: Foul Ball, location: 2F 1-1: Called Strike 1-2: Strikes out swinging
|
Batting: SHB Ethan Finley
|
0-0: Called Strike 0-1: Ball 1-1: Ball 2-1: Swinging Strike 2-2: Ball 3-2: Base on Balls
|
Batting: RHB Marshall Normore
|
0-0: Called Strike 0-1: Ball 1-1: Foul Ball, location: 2F 1-2: Ball 2-2: Grounds into double play, 4-6-3 (Groundball, 4M)
|
Top of the 2nd over - 0 run(s), 0 hit(s), 0 error(s), 0 left on base; Florida 0 - Texas Christian 0 |
BOTTOM OF THE 2ND |
Texas Christian Horned Frogs batting - Pitching for Florida Gators : RHP Joseph Saunders
|
Batting: RHB Brad Ravenshaw
|
0-0: Swinging Strike 0-1: Ball 1-1: Foul Ball, location: 2F 1-2: Strikes out swinging
|
Batting: SHB Ron Winston
|
0-0: Ball 1-0: Called Strike 1-1: Swinging Strike 1-2: Foul Ball, location: 2F 1-2: Strikes out swinging
|
Batting: LHB Todd Gilliam
|
0-0: Foul Ball, location: 2F 0-1: Ball 1-1: Called Strike 1-2: Strikes out swinging
|
Bottom of the 2nd over - 0 run(s), 0 hit(s), 0 error(s), 0 left on base; Florida 0 - Texas Christian 0 |
TOP OF THE 3RD |
Florida Gators batting - Pitching for Texas Christian Horned Frogs : LHP Carlos González
|
Batting: RHB Nathan Sullivan
|
0-0: Called Strike 0-1: Swinging Strike 0-2: Strikes out looking
|
Batting: LHB Bob MacDonald
|
0-0: Ball 1-0: Ball 2-0: Foul Ball, location: 2F 2-1: Called Strike 2-2: SINGLE (Line Drive, 6D)
|
Batting: RHB Norman Hopkins
|
0-0: Foul Ball, location: 2F 0-1: Ball 1-1: Called Strike 1-2: Ball 2-2: Fly out, F5 (Line Drive, 56S)
|
Batting: RHB Manny Gutiérrez
|
0-0: Ball 1-0: Called Strike 1-1: Ball 2-1: Ball 3-1: Foul Ball, location: 2F 3-2: Base on Balls Bob MacDonald to second
|
Batting: RHB Luis Morales
|
0-0: Called Strike 0-1: Fielders Choice at 2nd, 5-4 (Groundball, 56)
|
Top of the 3rd over - 0 run(s), 1 hit(s), 0 error(s), 1 left on base; Florida 0 - Texas Christian 0 |
BOTTOM OF THE 3RD |
Texas Christian Horned Frogs batting - Pitching for Florida Gators : RHP Joseph Saunders
|
Batting: LHB Russell Ewing
|
0-0: Ball 1-0: Fly out, F8 (Flyball, 8RM)
|
Batting: LHB Winston Lewis
|
0-0: Ball 1-0: Ball 2-0: SINGLE (Flyball, 78M)
|
Batting: LHB Paul Lee
|
0-0: Swinging Strike 0-1: Foul Ball, location: 2F 0-2: Ball 1-2: Ball 2-2: Ball 3-2: SINGLE (Flyball, 89S) Winston Lewis to second Runner from 2nd tries for 3rd, SAFE, throw made to third Paul Lee to second
|
Batting: RHB Domingo Laydón
|
0-0: Ball 1-0: SINGLE (Flyball, 89M) Winston Lewis scores Paul Lee to third Runner from 3rd tries for Home, SAFE, no throw
|
Batting: RHB Jeff Byford
|
0-0: Called Strike 0-1: Called Strike 0-2: Strikes out swinging
|
Batting: RHB Stan Webb
|
0-0: Ball 1-0: Fly out, F8 (Flyball, 8RM)
|
Bottom of the 3rd over - 2 run(s), 3 hit(s), 0 error(s), 1 left on base; Florida 0 - Texas Christian 2 |
TOP OF THE 4TH |
Florida Gators batting - Pitching for Texas Christian Horned Frogs : LHP Carlos González
|
Batting: RHB Jon Newsome
|
0-0: Ball 1-0: Ball 2-0: Called Strike 2-1: Ball 3-1: Fly out, F8 (Line Drive, 8RM)
|
Now in CF: Stan Davis
|
|
Batting: LHB Bruce Shelton
|
0-0: Ball 1-0: Fly out, F9 (Flyball, 9)
|
Batting: SHB Ethan Finley
|
0-0: Called Strike 0-1: Ball 1-1: Ball 2-1: Fly out, F9 (Flyball, 9LSF)
|
Top of the 4th over - 0 run(s), 0 hit(s), 0 error(s), 0 left on base; Florida 0 - Texas Christian 2 |
BOTTOM OF THE 4TH |
Texas Christian Horned Frogs batting - Pitching for Florida Gators : RHP Joseph Saunders
|
Batting: RHB Brad Ravenshaw
|
0-0: Ball 1-0: Ball 2-0: Ball 3-0: Called Strike 3-1: SOLO HOME RUN (Flyball, 89XD), Distance : 428 ft
|
Batting: SHB Ron Winston
|
0-0: Called Strike 0-1: Swinging Strike 0-2: Fly out, F3 (Popup, 3L)
|
Batting: LHB Todd Gilliam
|
0-0: Called Strike 0-1: Ball 1-1: Ball 2-1: Swinging Strike 2-2: Foul Ball, location: 2F 2-2: Hit by Pitch
|
Batting: LHB Russell Ewing
|
0-0: Foul Ball, location: 2F 0-1: Ball 1-1: Fielders Choice at 2nd, 1-6 (Groundball, 13S)
|
Batting: LHB Winston Lewis
|
0-0: Ball 1-0: Fielders Choice at 2nd, 4-6 (Groundball, 4)
|
Bottom of the 4th over - 1 run(s), 1 hit(s), 0 error(s), 0 left on base; Florida 0 - Texas Christian 3 |
TOP OF THE 5TH |
Florida Gators batting - Pitching for Texas Christian Horned Frogs : LHP Carlos González
|
Batting: RHB Marshall Normore
|
0-0: Ball 1-0: SINGLE (Groundball, 56S) (infield hit)
|
Batting: RHB Nathan Sullivan
|
0-0: Swinging Strike 0-1: Ball 1-1: Ball 2-1: Swinging Strike 2-2: Ball Passed Ball! Marshall Normore to second 3-2: Base on Balls
|
Batting: LHB Bob MacDonald
|
0-0: Called Strike 0-1: Fly out, F7 (Flyball, 78S)
|
Batting: RHB Norman Hopkins
|
0-0: Ball 1-0: Ball 2-0: Ball 3-0: Called Strike 3-1: Foul Ball, location: 2F 3-2: Base on Balls Marshall Normore to third Nathan Sullivan to second
|
Batting: RHB Manny Gutiérrez
|
0-0: Ball 1-0: Ball 2-0: Called Strike 2-1: Foul Ball, location: 2F 2-2: Ball 3-2: Strikes out swinging
|
Pitching: LHP Liam Frison
|
|
Batting: RHB Luis Morales
|
0-0: Ball 1-0: Called Strike 1-1: Ball 2-1: Foul Ball, location: 2F 2-2: Foul Ball, location: 2F 2-2: Foul Ball, location: 2F 2-2: Ball 3-2: Base on Balls Marshall Normore scores Nathan Sullivan to third Norman Hopkins to second
|
Batting: RHB Jon Newsome
|
0-0: Ball 1-0: Called Strike 1-1: GRAND SLAM HOME RUN (Flyball, 7D), Distance : 405 ft
|
Batting: LHB Bruce Shelton
|
0-0: Foul Ball, location: 2F 0-1: Ball 1-1: Called Strike 1-2: Foul Ball, location: 2F 1-2: Fly out, F4 (Popup, 4)
|
Top of the 5th over - 5 run(s), 2 hit(s), 0 error(s), 0 left on base; Florida 5 - Texas Christian 3 |
BOTTOM OF THE 5TH |
Texas Christian Horned Frogs batting - Pitching for Florida Gators : RHP Joseph Saunders
|
Batting: LHB Paul Lee
|
0-0: Ball 1-0: Ball 2-0: Fly out, F4 (Popup, 4M)
|
Batting: RHB Stan Davis
|
0-0: Called Strike 0-1: Swinging Strike 0-2: Strikes out swinging
|
Batting: RHB Jeff Byford
|
0-0: Ball 1-0: Ball 2-0: Ball 3-0: Base on Balls
|
Batting: RHB Stan Webb
|
0-0: Fielders Choice at 2nd, 4-6 (Groundball, 4)
|
Bottom of the 5th over - 0 run(s), 0 hit(s), 0 error(s), 0 left on base; Florida 5 - Texas Christian 3 |
TOP OF THE 6TH |
Florida Gators batting - Pitching for Texas Christian Horned Frogs : LHP Liam Frison
|
Pitching: RHP Broderick Bower
|
|
Batting: SHB Ethan Finley
|
0-0: Ball 1-0: Bunted foul 1-1: Swinging Strike 1-2: Ground out 4-3 (Groundball, 4)
|
Batting: RHB Marshall Normore
|
0-0: Ball 1-0: Foul Ball, location: 2F 1-1: Foul Ball, location: 2F 1-2: Strikes out swinging, 2-3 out at first.
|
Batting: RHB Nathan Sullivan
|
0-0: Ball 1-0: Called Strike 1-1: Swinging Strike 1-2: Strikes out swinging
|
Top of the 6th over - 0 run(s), 0 hit(s), 0 error(s), 0 left on base; Florida 5 - Texas Christian 3 |
BOTTOM OF THE 6TH |
Texas Christian Horned Frogs batting - Pitching for Florida Gators : RHP Joseph Saunders
|
Batting: RHB Brad Ravenshaw
|
0-0: Ball 1-0: SOLO HOME RUN (Line Drive, 7D), Distance : 397 ft
|
Batting: SHB Ron Winston
|
0-0: Ball 1-0: Foul Ball, location: 2F 1-1: SOLO HOME RUN (Flyball, 78XD), Distance : 428 ft
|
Pitching: RHP Arturo Díaz
|
|
Batting: LHB Todd Gilliam
|
0-0: Called Strike 0-1: Called Strike 0-2: Ball 1-2: Ball 2-2: Foul Ball, location: 2F 2-2: Foul Ball, location: 2F 2-2: Strikes out swinging
|
Batting: LHB Russell Ewing
|
0-0: Called Strike 0-1: Foul Ball, location: 2F 0-2: Strikes out looking
|
Batting: LHB Winston Lewis
|
0-0: Called Strike 0-1: Fly out, F9 (Flyball, 9LM)
|
Bottom of the 6th over - 2 run(s), 2 hit(s), 0 error(s), 0 left on base; Florida 5 - Texas Christian 5 |
TOP OF THE 7TH |
Florida Gators batting - Pitching for Texas Christian Horned Frogs : RHP Broderick Bower
|
Batting: LHB Bob MacDonald
|
0-0: Ground out 4-3 (Groundball, 4S)
|
Batting: RHB Norman Hopkins
|
0-0: Ball 1-0: Called Strike 1-1: Foul Ball, location: 2F 1-2: Foul Ball, location: 2F 1-2: Foul Ball, location: 2F 1-2: Strikes out looking
|
Batting: RHB Manny Gutiérrez
|
0-0: Called Strike 0-1: Ball 1-1: Ball 2-1: Swinging Strike 2-2: Ball 3-2: Strikes out looking
|
Top of the 7th over - 0 run(s), 0 hit(s), 0 error(s), 0 left on base; Florida 5 - Texas Christian 5 |
BOTTOM OF THE 7TH |
Texas Christian Horned Frogs batting - Pitching for Florida Gators : RHP Arturo Díaz
|
Pitching: LHP Chet Scott
|
|
Batting: LHB Paul Lee
|
0-0: Ball 1-0: SOLO HOME RUN (Flyball, 9LD), Distance : 345 ft
|
Pitching: RHP Norberto Gabriel
|
|
Batting: RHB Stan Davis
|
0-0: Ball 1-0: Swinging Strike 1-1: Foul Ball, location: 2F 1-2: Fly out, F8 (Flyball, 8LS)
|
Batting: RHB Jeff Byford
|
0-0: Called Strike 0-1: Ball 1-1: Swinging Strike 1-2: Ball 2-2: Strikes out looking
|
Batting: RHB Stan Webb
|
0-0: Ball 1-0: Ball 2-0: Foul Ball, location: 2F 2-1: Foul Ball, location: 2F 2-2: Ball 3-2: Reached on error, E4 (Groundball, 4)
|
Batting: RHB Brad Ravenshaw
|
0-0: Ball Stan Webb is caught stealing 2nd base
|
Bottom of the 7th over - 1 run(s), 1 hit(s), 1 error(s), 0 left on base; Florida 5 - Texas Christian 6 |
TOP OF THE 8TH |
Florida Gators batting - Pitching for Texas Christian Horned Frogs : RHP Broderick Bower
|
Batting: RHB Luis Morales
|
0-0: Ball 1-0: Ball 2-0: Ball 3-0: Called Strike 3-1: SINGLE (Groundball, 56D)
|
Batting: RHB Jon Newsome
|
0-0: Foul Ball, location: 2F 0-1: Ball 1-1: Ball 2-1: Foul Ball, location: 2F 2-2: Strikes out looking
|
Pitching: LHP Richard Warren
|
|
Batting: LHB Bruce Shelton
|
0-0: Ball 1-0: Ball 2-0: Ball 3-0: Base on Balls Luis Morales to second
|
Pitching: RHP Brian López
|
|
Pinch Hitting: RHB Dorian Riddle
|
0-0: Ball 1-0: Ball 2-0: Ball 3-0: Base on Balls Luis Morales to third Bruce Shelton to second
|
Pinch Hitting: RHB Aurelio Hinojosa
|
0-0: Ball 1-0: Ball 2-0: Called Strike 2-1: Fly out, F8 (Flyball, 78S)
|
Batting: RHB Nathan Sullivan
|
0-0: Swinging Strike 0-1: Hit by Pitch Luis Morales scores Bruce Shelton to third Dorian Riddle to second
|
Batting: LHB Bob MacDonald
|
0-0: Called Strike 0-1: Ball 1-1: Foul Ball, location: 2F 1-2: Ground out 4-3 (Groundball, 34D)
|
Top of the 8th over - 1 run(s), 1 hit(s), 0 error(s), 3 left on base; Florida 6 - Texas Christian 6 |
BOTTOM OF THE 8TH |
Texas Christian Horned Frogs batting - Pitching for Florida Gators : RHP Norberto Gabriel
|
Now at SS: Dorian Riddle
|
|
Now in RF: Shayne Garneau
|
|
Batting: RHB Brad Ravenshaw
|
0-0: Called Strike 0-1: Ball 1-1: Ball 2-1: Ball 3-1: Base on Balls
|
Batting: SHB Ron Winston
|
0-0: Ball 1-0: Swinging Strike 1-1: Ball 2-1: Fly out, F9 (Flyball, 9S)
|
Batting: LHB Todd Gilliam
|
0-0: Fielders Choice at 2nd, 4-6 (Groundball, 4)
|
Batting: LHB Russell Ewing
|
0-0: Called Strike 0-1: Swinging Strike 0-2: Ball Todd Gilliam steals 2nd base 1-2: Ball 2-2: Ball 3-2: Strikes out swinging
|
Bottom of the 8th over - 0 run(s), 0 hit(s), 0 error(s), 1 left on base; Florida 6 - Texas Christian 6 |
TOP OF THE 9TH |
Florida Gators batting - Pitching for Texas Christian Horned Frogs : RHP Brian López
|
Pitching: LHP Bob Watkins
|
|
Batting: RHB Norman Hopkins
|
0-0: Foul Ball, location: 2F 0-1: SOLO HOME RUN (Flyball, 7D), Distance : 413 ft
|
Batting: RHB Manny Gutiérrez
|
0-0: Called Strike 0-1: Ball 1-1: Swinging Strike 1-2: Reached on error, E8 (Flyball, 8RD)
|
Batting: RHB Luis Morales
|
0-0: Ground out 5-3 (Groundball, 5S) Manny Gutiérrez to second
|
Batting: RHB Jon Newsome
|
0-0: Intentional Walk
|
Batting: LHB Bruce Shelton
|
0-0: Ball 1-0: Called Strike 1-1: Ball 2-1: Foul Ball, location: 2F 2-2: Fly out, F2 (Popup, 13)
|
Batting: RHB Dorian Riddle
|
0-0: Ball 1-0: Ball Balk! Manny Gutiérrez to third Jon Newsome to second 2-0: Called Strike 2-1: Ball 3-1: Fly out, F7 (Flyball, 78M)
|
Top of the 9th over - 1 run(s), 1 hit(s), 1 error(s), 2 left on base; Florida 7 - Texas Christian 6 |
BOTTOM OF THE 9TH |
Texas Christian Horned Frogs batting - Pitching for Florida Gators : RHP Norberto Gabriel
|
Pitching: RHP Mike Owen
|
|
Batting: LHB Winston Lewis
|
0-0: Ground out 5-3 (Groundball, 5S)
|
Batting: LHB Paul Lee
|
0-0: Ball 1-0: Ball 2-0: SINGLE (Line Drive, 6MD)
|
Batting: RHB Stan Davis
|
Pickoff Throw to First - Error! E1 Paul Lee to second 0-0: Ball 1-0: Ball 2-0: Ball 3-0: Base on Balls
|
Batting: RHB Jeff Byford
|
0-0: SINGLE (Groundball, 6MD) Paul Lee to third Stan Davis to second Runner from 3rd tries for Home, SAFE, no throw
|
Batting: RHB Stan Webb
|
0-0: Ball 1-0: Ball Stan Davis is caught stealing 3rd base Jeff Byford to second 2-0: Called Strike 2-1: Ball 3-1: Fly out, F8 (Flyball, 8RM)
|
Bottom of the 9th over - 1 run(s), 2 hit(s), 1 error(s), 1 left on base; Florida 7 - Texas Christian 7 |
TOP OF THE 10TH |
Florida Gators batting - Pitching for Texas Christian Horned Frogs : LHP Bob Watkins
|
Batting: RHB Shayne Garneau
|
0-0: Ball 1-0: Foul Ball, location: 2F 1-1: Foul Ball, location: 2F 1-2: Ball 2-2: Strikes out swinging
|
Batting: RHB Nathan Sullivan
|
0-0: Called Strike 0-1: Fly out, F6 (Line Drive, 6)
|
Batting: LHB Bob MacDonald
|
0-0: Ball 1-0: Ball 2-0: Ball 3-0: Base on Balls
|
Batting: RHB Norman Hopkins
|
0-0: Ball 1-0: Ball 2-0: Ball 3-0: Base on Balls Bob MacDonald to second
|
Batting: RHB Manny Gutiérrez
|
0-0: Called Strike 0-1: Foul Ball, location: 2F 0-2: Ball 1-2: Ball 2-2: Ball 3-2: Base on Balls Bob MacDonald to third Norman Hopkins to second
|
Batting: RHB Luis Morales
|
0-0: Ball 1-0: Swinging Strike 1-1: Ball 2-1: Foul Ball, location: 2F 2-2: Foul Ball, location: 2F 2-2: Reached on error, E6 (Groundball, 6) Bob MacDonald scores Norman Hopkins to third Manny Gutiérrez to second
|
Batting: RHB Jon Newsome
|
0-0: Ball 1-0: Ball 2-0: Ball 3-0: Called Strike 3-1: Swinging Strike 3-2: Strikes out swinging
|
Top of the 10th over - 1 run(s), 0 hit(s), 1 error(s), 3 left on base; Florida 8 - Texas Christian 7 |
BOTTOM OF THE 10TH |
Texas Christian Horned Frogs batting - Pitching for Florida Gators : RHP Mike Owen
|
Batting: RHB Brad Ravenshaw
|
0-0: Ball 1-0: Ball 2-0: Ball 3-0: Base on Balls
|
Batting: SHB Ron Winston
|
0-0: Ball 1-0: Ball 2-0: Called Strike 2-1: Foul Ball, location: 2F 2-2: Ball 3-2: Base on Balls Brad Ravenshaw to second
|
Batting: LHB Todd Gilliam
|
0-0: Ball 1-0: Fly out, F9 (Flyball, 9S)
|
Batting: LHB Russell Ewing
|
0-0: Called Strike 0-1: Ball 1-1: Swinging Strike 1-2: Strikes out swinging
|
Batting: LHB Winston Lewis
|
0-0: Ground out U3 (Groundball, 3)
|
Bottom of the 10th over - 0 run(s), 0 hit(s), 0 error(s), 2 left on base; Florida 8 - Texas Christian 7 |
|